 Dungeon Crawl Stone Soup version 0.32-a0-450-g080537f (webtiles) character file.

Game seed: 17150103164707086624

657 staltz the Ruffian (level 7, -10/47 HPs)
             Began as a Djinni Shapeshifter on Feb 22, 2024.
             Mangled by an ogre
             ... wielding a +0 giant club
              (16 damage)
             ... on level 4 of the Dungeon on Feb 23, 2024.
             The game lasted 00:14:03 (4619 turns).

staltz the Ruffian (Djinni Shapeshifter)            Turns: 4619, Time: 00:14:03

Health: -10/47     AC:  5    Str: 15    XL:     7   Next: 85%
Gold:   167        EV: 27    Int: 11    God:
                   SH:  0    Dex: 19

rFire   + +          .
                       - Unarmed
rCold   x . .        (no shield)
rNeg    . . .        r - +0 ring mail
rPois   ∞            (helmet currently unavailable)
rElec   .            (cloak currently unavailable)
rCorr   .            (gloves currently unavailable)
SInv    .            (boots unavailable)
Will    .....        j - amulet of the acrobat
Stlth   +            o - +6 ring of dexterity
HPRegen 0.27/turn    (no ring)
MPRegen 0.00/turn

%: acrobat, infuse magic (-11 HP)
@: beast-form, acrobatic, flying
A: beast (slay +2), flying, sickness immunity, fire resistance 2, cold
vulnerability 1, float, innate caster, HP casting, extra vitality 1
a: Begin Untransformation


You were on level 4 of the Dungeon.
You were a hulking beast.
You visited 1 branch of the dungeon, and saw 4 of its levels.

You collected 167 gold pieces.

Inventory:

Hand Weapons
 m - a +3 dagger of speed
Missiles
 k - a poisoned dart (quivered)
Armour
 a - a +0 animal skin
 r - a +0 ring mail (worn)
 t - a +0 pair of gloves
Jewellery
 i - a +6 ring of dexterity
 j - an amulet of the acrobat (around neck)
 o - a +6 ring of dexterity (left hand)
Talismans
 c - a beast talisman (active)
 d - a flux talisman
Scrolls
 e - 2 scrolls of teleportation {unknown}
 f - 4 scrolls of enchant weapon
 l - 2 scrolls of immolation
 p - 2 scrolls of poison
 q - 2 scrolls of blinking {unknown}
 u - a scroll of summoning {unknown}
 v - a scroll of torment {unknown}
Potions
 b - 3 potions of lignification
 g - a potion of berserk rage
 h - a potion of enlightenment {unknown}
 n - 2 potions of curing {unknown}
 s - a potion of might {unknown}
 w - a potion of degeneration {unknown}
 x - a potion of brilliance {unknown}


   Skills:
 + Level 1.6 Fighting
 + Level 0.4 Throwing
 + Level 2.7 Armour
 + Level 3.3 Dodging
 + Level 1.2 Stealth
 + Level 6.4 Unarmed Combat
 + Level 3.6 Shapeshifting


You knew the following spells:

 Your Spells              Type           Power      Damage    Failure   Level
a - Shock                 Conj/Air       0%         1d3       56%         1
b - Lesser Beckoning      Tloc           0%         N/A       71%         2
c - Frozen Ramparts       Ice            0%         1d1       90%         3
Your spell library was empty.

Dungeon Overview and Level Annotations

Branches:
Dungeon (4/15)             Temple (0/1) D:4

Altars:

Shops:
D:2 =


Innate Abilities, Weirdness & Mutations

You are a hulking beast.
Your limbs bulge with bestial killing power. (Slay +2)
You are flying.
You are immune to sickness and miasma.
You are immune to poison.
Your flesh is very heat resistant. (rF++)
You are vulnerable to cold. (rC-)
You float through the air rather than walking.
You learn spells naturally, not from books.
Your magical power is your life essence.
You have superior vitality. (+4 MHP)


Message History

The ogre looks even sicker.
The ogre is lightly wounded.
Throw: 4 darts (poison)
Press: ? - help, Q - select action, (/) - cycle Shift-Dir - straight line, f/p - ogre
Aim: an ogre, wielding a +0 giant club (lightly wounded, very poisoned, 75% to hit)
You throw a poisoned dart.
The poisoned dart barely misses the ogre.
Throw: 3 darts (poison)
Press: ? - help, Q - select action, (/) - cycle Shift-Dir - straight line, f/p - ogre
Aim: an ogre, wielding a +0 giant club (lightly wounded, very poisoned, 75% to hit)
You throw a poisoned dart. The poisoned dart hits the ogre.
The ogre looks even sicker.
The ogre is lightly wounded.
You hit the ogre but do no damage.
The ogre is lightly wounded.
The ogre completely misses you.
You hit the ogre.
The ogre is moderately wounded.
You hit the ogre.
The ogre is heavily wounded.
The ogre hits you with a +0 giant club!!
Throw: 2 darts (poison)
Press: ? - help, Q - select action, (/) - cycle Shift-Dir - straight line, f/p - ogre
Aim: an ogre, wielding a +0 giant club (heavily wounded, very poisoned, 75% to hit)
You throw a poisoned dart. The poisoned dart hits the ogre.
The ogre looks even sicker.
The ogre is heavily wounded.
You completely miss the ogre.
The ogre is heavily wounded.
The ogre hits you with a +0 giant club!
* * * LOW HITPOINT WARNING * * *
Unknown command.
You barely miss the ogre.
The ogre is heavily wounded.
The ogre hits you with a +0 giant club!
* * * LOW HITPOINT WARNING * * *
Unknown command.
The ogre attacks as it pursues you! The ogre misses you.
The ogre attacks as it pursues you! The ogre hits you with a +0 giant club!
You die...

....#.....#....#,,,**,,,,,**
....#.....#....#...#,,,,,,,*
<..)'.....#....#...#,,,,,,*######
....#.....#....#...#,,,,,,##.....
....#...>##...##...#*.....(......
....#....##...##...##....(##.....
...##.....#...#....##.....##.....
...##....##...#........(.$##.....
...########...#.h.........##.....
.........#....#.O....(.....#.....
.........#....#............#.....
.[.......#....#...(........#.....
#######..###..##...##...####.##..
##.####..###..#######...####>##..
#..........#....)...#............
#..........#........#............
#..........#........#............


You could see an ogre (very poisoned).

Vanquished Creatures
  A bombardier beetle (D:4)
  2 hounds
  10 orc priests
  2 iguanas
  2 orc wizards
  7 adders
  3 ribbon worms
  2 dart slugs
  13 orcs
  7 ball pythons
  4 bats
  5 endoplasms
  A giant cockroach (D:4)
  6 goblins
  7 hobgoblins
  8 jackals
  4 quokkas
  2 frilled lizards
  10 kobolds
  4 rats
100 creatures vanquished.

Notes
Turn   | Place    | Note
-------+----------+-------------------------------------------
     0 | D:1      | staltz the Djinni Shapeshifter began the quest for the Orb.
     0 | D:1      | Reached XP level 1. HP: 17/17 MP: 0/0
     0 | D:1      | Upgraded the game from 0.32-a0-433-g08bcfe7 to
                  | 0.32-a0-450-g080537f
   137 | D:1      | Reached XP level 2. HP: 22/22 MP: 0/0
   389 | D:1      | Reached XP level 3. HP: 21/27 MP: 0/0
   389 | D:1      | Learned a level 1 spell: Shock
  1054 | D:2      | Reached XP level 4. HP: 32/32 MP: 0/0
  1105 | D:2      | Found Narowk's Jewellery Boutique.
  1279 | D:2      | Reached skill level 4 in Unarmed Combat
  1871 | D:2      | Reached XP level 5. HP: 37/37 MP: 0/0
  1871 | D:2      | Learned a level 2 spell: Lesser Beckoning
  2757 | D:2      | Reached skill level 1 in Stealth
  2757 | D:2      | Reached XP level 6. HP: 18/42 MP: 0/0
  2975 | D:3      | Reached skill level 1 in Armour
  2975 | D:3      | Reached skill level 5 in Unarmed Combat
  3552 | D:4      | Found a staircase to the Ecumenical Temple.
  3784 | D:4      | Reached XP level 7. HP: 41/47 MP: 0/0
  3784 | D:4      | Learned a level 3 spell: Frozen Ramparts
  3834 | D:4      | HP: 1/70 [frozen (3)]
  4259 | D:4      | Reached skill level 6 in Unarmed Combat
  4619 | D:4      | Mangled by an ogre

Illustrated notes

Levels and vault maps discovered:
D:1:      scummos_arrival_star, layout_basic, minmay_octomino_c4
D:2:      layout_basic, serial_shops, nicolae_shop_gaudy_bauble,
          hangedman_decor_riveting, hangedman_abyss_or_decor_lesser_grid
D:3:      layout_basic
D:4:      layout_gridville, minmay_temple_entry_proselytizer,
          minmay_a_box_with_orc_wizards_in_it

Skill      XL: |  1  2  3  4  5  6  7 |
---------------+----------------------+-----
Shapeshifting  | 3 |  3.6
Unarmed Combat | 4 5 6 |  6.4
Stealth        | 1 |  1.2
Armour         | 1 2 |  2.7
Dodging        | 3 |  3.3
Fighting       | |  1.6
Throwing       | |  0.4

Action                     |  1- 3 |  4- 6 |  7- 9 || total
---------------------------+-------+-------+-------++-------
  Melee: Unarmed           |    77 |   192 |    71 ||   340
         Punch             |       |     8 |     4 ||    12
  Throw: Stone             |     1 |    16 |       ||    17
         Dart              |       |       |     6 ||     6
    Use: Scroll            |       |     1 |     4 ||     5
         Potion            |       |       |     1 ||     1
   Stab: Sleeping          |       |     4 |       ||     4
 Armour: Animal skin       |    31 |    27 |       ||    58
         Ring mail         |       |    53 |    29 ||    82
  Dodge: Dodged            |    42 |   139 |    30 ||   211

Table legend: (Time is in decaauts)
 A = Elapsed time spent in this place.
 B = Non-inter-level travel time spent in this place.
 C = Inter-level travel time spent in this place.
 D = Time resting spent in this place.
 E = Time spent auto-exploring this place.
 F = Levels seen in this place.
 G = Mean time per level.
                   A        B        C        D        E       F      G
               +--------+--------+--------+--------+--------+-----+--------+
         Total |   4607 |   4388 |    219 |   1142 |   2093 |   4 | 1151.8 |
       Dungeon |   4607 |   4388 |    219 |   1142 |   2093 |   4 | 1151.8 |
               +--------+--------+--------+--------+--------+-----+--------+

Top non-repeatable levels by time:
     D:2: 1607 daAuts
     D:4: 1174 daAuts
     D:3: 1139 daAuts
     D:1: 685 daAuts
